 Dungeon Crawl Stone Soup version 0.31.0-11-ge490571c62 (webtiles) character file.

Game seed: 7279560075812673410

11 browni3141 the Shooter (level 2, 22/22 HPs)
             Began as a Demonspawn Hunter on Jan 31, 2024.
             Got out of the dungeon alive.
             The game lasted 00:00:22 (158 turns).

browni3141 the Shooter (Demonspawn Hunter)           Turns: 158, Time: 00:00:23

Health: 22/22      AC:  3    Str: 11    XL:     2   Next: 13%
Magic:  2/2        EV: 12    Int:  9    God:
Gold:   13         SH:  0    Dex: 16    Spells: 1/1 levels left

rFire   . . .        a - +0 shortbow
rCold   . . .        (shield currently unavailable)
rNeg    . . .        c - +0 leather armour
rPois   .            (helmet restricted)
rElec   .            (no cloak)
rCorr   .            (no gloves)
SInv    .            (no boots)
Will    .....        (no amulet)
Stlth   ++           (no ring)
HPRegen 0.23/turn    (no ring)
MPRegen 0.08/turn

%: no passive effects
@: no status effects
A: horns 1
a: no special abilities


You escaped.
You visited 1 branch of the dungeon, and saw 1 of its levels.

You collected 13 gold pieces.

Inventory:

Hand Weapons
 a - a +0 shortbow (weapon)
Armour
 c - a +0 leather armour (worn)
Scrolls
 b - a scroll of butterflies
 d - 2 scrolls of enchant armour {unknown}
 g - a scroll of identify {unknown}
 h - a scroll of fear {unknown}
Potions
 e - a potion of invisibility {unknown}
 f - a potion of degeneration {unknown}


   Skills:
 - Level 2.0 Fighting
 * Level 3.9 Ranged Weapons
 + Level 2.1 Dodging
 - Level 0.9 Stealth


You had one spell level left.
You didn't know any spells.
Your spell library was empty.

Dungeon Overview and Level Annotations

Branches:
Dungeon (1/15)

Altars:


Innate Abilities, Weirdness & Mutations

You have a pair of small horns on your head.


Message History

You kill the ball python!
A frilled lizard is nearby!
A frilled lizard is nearby!
You shoot an arrow. The arrow hits the frilled lizard.
You kill the frilled lizard!
No target in view!
A ball python comes into view.
There is a stone staircase leading down here.
A ball python is nearby!
A ball python is nearby!
A ball python is nearby!
A ball python is nearby!
A ball python is nearby!
You shoot an arrow.
The arrow closely misses the ball python.
You shoot an arrow. The arrow hits the ball python.
You kill the ball python!
No target in view!
Found a stone staircase leading down.
You see here a frilled lizard corpse.
e - a fizzy green potion A quokka comes into view.
You shoot an arrow. The arrow hits the quokka.
The quokka is almost dead.
A quokka is nearby!
You shoot an arrow. The arrow hits the quokka!
You kill the quokka!
f - a puce potion Key pressed, stopping explore.
No target in view!
No target in view!
g - a scroll labelled RYKHOT GUDGHEYK No target in view!
You now have 6 gold pieces.
A goblin comes into view. It is wielding a +0 club.
You shoot an arrow. The arrow hits the goblin.
You kill the goblin!
You open the door.
There is an open door here.
You open the door.
There is an open door here.
A giant cockroach comes into view.
A giant cockroach is nearby!
An endoplasm comes into view.
You shoot an arrow.
The arrow hits the giant cockroach but does no damage.
There are monsters nearby!
You shoot an arrow. The arrow hits the giant cockroach.
The giant cockroach is moderately wounded.
There are monsters nearby!
You shoot an arrow.
The arrow closely misses the giant cockroach.
The giant cockroach misses you.
There are monsters nearby!
You shoot an arrow.
The arrow barely misses the giant cockroach.
The giant cockroach bites you but does no damage.
There are monsters nearby!
You shoot an arrow.
The arrow hits the giant cockroach but does no damage.
The giant cockroach is moderately wounded.
The giant cockroach misses you. The giant cockroach closely misses you.
There are monsters nearby!
You shoot an arrow.
The arrow completely misses the giant cockroach.
The giant cockroach bites you but does no damage. x2
There are monsters nearby!
You shoot an arrow. The arrow hits the giant cockroach!
You kill the giant cockroach!
Your Dodging skill increases to level 2!
An endoplasm is nearby!
You shoot an arrow. The arrow hits the endoplasm!
You kill the endoplasm!
A bat comes into view.
A bat is nearby!
You shoot an arrow.
The arrow hits the bat but does no damage.
You shoot an arrow. The arrow hits the bat!
You kill the bat!
You have reached level 2!
Your demonic ancestry asserts itself...
A pair of horns grows on your head!
You now have 13 gold pieces (gained 7).
A hobgoblin comes into view.
The hobgoblin shouts!
You shoot an arrow. The arrow hits the hobgoblin!
You kill the hobgoblin!
No target in view!
h - a scroll labelled MYMEAW URAN No target in view!
A bat comes into view.
You shoot an arrow. The arrow barely misses the bat.
A bat is nearby!
A bat is nearby!
You shoot an arrow. The arrow hits the bat.
You kill the bat!
Unknown command.
There is an open door here.
There is a staircase leading out of the dungeon here.
You have escaped!

........†.#..........# ###.##
...#.#.#.†....>......# #...
#..........##'####### #.##
#.#.#.#...#.#.## #...
..#.........#.#..## ##.#
#.............#...## #..
#...........##....## #..
...##..#####......## ##.
##.##..'.....@.....# ###. #
#......#####......## #...
.###.###......##....## #...
........†......#...## #...
...............#..## #...
#(#.#.#.####...#.## #### #...
........# #...#'######..## #...
#.#.#.#.# ##...#..........####...
........###..####................


There were no monsters in sight!

Vanquished Creatures
  2 bats (D:1)
  An endoplasm (D:1)
  A giant cockroach (D:1)
  A goblin (D:1)
  A hobgoblin (D:1)
  A quokka (D:1)
  2 ball pythons (D:1)
  A frilled lizard (D:1)
10 creatures vanquished.

Notes
Turn   | Place    | Note
-------+----------+-------------------------------------------
     0 | D:1      | browni3141 the Demonspawn Hunter began the quest for the
                  | Orb.
     0 | D:1      | Reached XP level 1. HP: 16/16 MP: 1/1
   114 | D:1      | Gained mutation: You have a pair of small horns on your
                  | head. [demonic ancestry]
   114 | D:1      | Reached XP level 2. HP: 22/22 MP: 2/2
   158 | D:$      | Got out of the dungeon alive.

Illustrated notes

Levels and vault maps discovered:
D:1:      mrwooster_arrival_arrow, layout_rooms, serial_glass, glass_columns_b,
          glass_columns_c, glass_columns_a, glass_columns_b, glass_columns_a,
          glass_columns_b, glass_columns_a, glass_columns_b,
          corexii_item_surrounded_by_moat, st_stairs_3

Skill      XL: |  1 |
---------------+----+-----
Dodging        | 2 |  2.1
Fighting       | |  2.0
Ranged Weapons | |  3.9
Stealth        | |  0.9

Action                     || total
---------------------------++-------
   Fire: Shortbow          ||    20
 Armour: Leather armour    ||     3
  Dodge: Dodged            ||     3
